 Dungeon Crawl Stone Soup version 0.26-b1-32-g5d43845318 (webtiles) character file.

Game seed: 4695307596687359618

247 Borgoz the Skirmisher (level 6, -2/52 HPs)
             Began as a Ghoul Gladiator on Jan 13, 2021.
             Killed from afar by Grinder (10 damage)
             ... with a puff of flame
             ... on level 3 of the Dungeon.
             The game lasted 00:02:56 (3381 turns).

Borgoz the Skirmisher (Ghoul Gladiator)             Turns: 3381, Time: 00:02:56

Health: -2/52      AC:  7    Str: 20      XL:     6   Next: 11%
Magic:  5/5        EV: 10    Int:  2 (3)  God:
Gold:   124        SH:  2    Dex:  8 (10) Spells: 5/5 levels left

rFire    . . .     SeeInvis .   a - +0 flail
rCold    + . .     Faith    .   g - +0 buckler
rNeg     + + +     Spirit   .   b - +0 scale mail
rPois    ∞         Reflect  .   c - +0 helmet
rElec    .         Harm     .   (no cloak)
rCorr    .         Rampage  .   (no gloves)
Will     .....                  (no boots)
Stlth    ..........             (no amulet)
HPRegen  0.00/turn              (no ring)
MPRegen  0.09/turn              (no ring)

@: slowed, very slow
A: claws 1, cold resistance 1, negative energy resistance 3, inhibited
regeneration, torment resistance, unbreathing
a: no special abilities


You were on level 3 of the Dungeon.
You visited 1 branch of the dungeon, and saw 3 of its levels.

You collected 124 gold pieces.

Inventory:

Hand Weapons
 a - a +0 flail (weapon)
Missiles
 d - 2 throwing nets (quivered)
Armour
 b - a +0 scale mail (worn)
 c - a +0 helmet (worn)
 g - a +0 buckler (worn)
Wands
 l - a wand of digging (10)
Scrolls
 e - a scroll of fear {unknown}
 f - 2 scrolls of identify {unknown}
 i - a scroll of blinking {unknown}
 j - 2 scrolls of remove curse
Potions
 h - a potion of mutation {unknown}
 k - a potion of heal wounds {unknown}
 m - a potion of flight {unknown}


   Skills:
 + Level 3.8 Fighting
 + Level 3.8 Maces & Flails
 - Level 1.7 Throwing
 + Level 2.3 Armour
 + Level 3.8 Dodging


You had 5 spell levels left.
You didn't know any spells.
Your spell library was empty.

Dungeon Overview and Level Annotations

Branches:
Dungeon (3/15)

Altars:
Xom

Annotations:
D:3 Grinder


Innate Abilities, Weirdness & Mutations

You thrive by killing the living.
You are immune to poison.
You have sharp fingernails.
Your flesh is cold resistant. (rC+)
You are immune to negative energy. (rN+++)
You do not regenerate when monsters are visible.
You are immune to unholy pain and torment.
You can survive without breathing.


Message History

You hear a zap.
A puff of flame appears from out of thin air!
The puff of flame hits you!
* * * LOW HITPOINT WARNING * * *
A leopard gecko comes into view.
You shrug off the repeated paralysis!
The leopard gecko hisses angrily.
You can move again.
The phantom blinks!
The phantom blinks!
The phantom blinks!
You hear a zap.
A puff of flame appears from out of thin air!
The puff of flame hits you!
* * * LOW HITPOINT WARNING * * *
The phantom blinks!
You hear a zap.
A puff of flame appears from out of thin air!
The puff of flame hits you!
You die...

.# #....# .# #.#.#.§# <#
#W#.#).####.. .#
#.#.#l....... .#
#.#.#.###.... .# #.#.#.# .
.# #.#.#.###... .# #
############.#..........
.#
#.#..........@.{l..###....
## #.......†....#.##### ..
####.######.#....... ..#.#
#.######## #.#.# #.#
#####.#.# #)# ........#
#.# #####.### #.# #... #.#


You could see a phantom and a leopard gecko.

Vanquished Creatures
  Jessica (D:3)
  Terence (D:2)
  A worker ant (D:2)
  Natasha (thrice) (D:2)
  Robin (D:2)
  A gnoll (D:1)
  An adder (D:3)
  A worm (D:2)
  A dart slug (D:2)
  4 orcs
  6 bats
  A giant cockroach (D:1)
  17 goblins
  3 hobgoblins
  3 jackals (D:1)
  A frilled lizard (D:2)
  6 kobolds
  7 rats (D:1)
59 creatures vanquished.

Notes
Turn   | Place    | Note
-------+----------+-------------------------------------------
     0 | D:1      | Borgoz the Ghoul Gladiator began the quest for the Orb.
     0 | D:1      | Reached XP level 1. HP: 17/17 MP: 0/0
   129 | D:1      | Reached XP level 2. HP: 25/25 MP: 1/1
   468 | D:1      | Reached skill level 1 in Armour
   468 | D:1      | Reached XP level 3. HP: 30/30 MP: 2/2
  1321 | D:2      | Noticed Terence
  1345 | D:2      | Killed Terence
  1346 | D:2      | Reached XP level 4. HP: 13/38 MP: 3/3
  1713 | D:2      | Noticed Robin
  2095 | D:2      | Killed Robin
  2291 | D:2      | Found a shimmering altar of Xom.
  2511 | D:2      | Noticed Natasha
  2520 | D:2      | Killed Natasha
  2521 | D:2      | Reached XP level 5. HP: 14/45 MP: 4/4
  2861 | D:2      | Noticed Natasha
  2871 | D:2      | Killed Natasha
  2880 | D:2      | Noticed Natasha
  2890 | D:2      | Killed Natasha
  3360 | D:3      | Noticed Grinder
  3360 | D:3      | Noticed Jessica
  3362 | D:3      | Noticed a phantom
  3365 | D:3      | Killed Jessica
  3366 | D:3      | Reached XP level 6. HP: 51/52 MP: 5/5
  3371 | D:3      | Paralysed by something for 4 turns
  3381 | D:3      | Killed from afar by Grinder

Illustrated notes

Levels and vault maps discovered:
D:1:      dpeg_arrival_shrine, layout_basic
D:2:      layout_rooms, wad_floor_pattern_untrapped, tgw_xom, uniq_natasha,
          uniq_robin, uniq_terence
D:3:      layout_basic, nicolae_overflow_hidden_temple,
          eat_drink_and_be_merry_uskayaw, elyvilon_altar_1, uniq_grinder,
          uniq_jessica, uniq_ijyb

Skill      XL: |  1  2  3  4  5 |
---------------+----------------+-----
Maces & Flails | 3 |  3.8
Armour         | 1 2 |  2.3
Dodging        | 3 |  3.8
Fighting       | 3 |  3.8
Throwing       | |  1.7

Action                   |  1- 3 |  4- 6 || total
-------------------------+-------+-------++-------
Melee: Flail             |    96 |   102 ||   198
Throw: Throwing net      |     2 |       ||     2
  Use: Scroll            |     2 |       ||     2
       Potion            |       |     3 ||     3
 Stab: Held in net/web   |     1 |       ||     1
Armor: Leather armour    |    34 |       ||    34
       Scale mail        |       |    62 ||    62
Dodge: Dodged            |    75 |    86 ||   161
Block: Buckler           |       |    10 ||    10
